UAA
ATLANTIC CITY SONICS @ MARMORA SCRAMBLERS
07/28/2018
 
TOP OF THE 1ST
Atlantic City Sonics batting - Pitching for Marmora Scramblers : RHP Félix Torres
Pitching: RHP Félix Torres
Batting: RHB Thomas Campbell 0-0: Bunted foul
0-1: Swinging Strike
0-2: Strikes out swinging
Batting: RHB Ethan Stanford 0-0: Called Strike
0-1: Called Strike
0-2: DOUBLE (Line Drive, 78M)
Batting: RHB Joe Smith 0-0: Foul Ball, location: 2F
0-1: Called Strike
0-2: Ball
1-2: Foul Ball, location: 2F
1-2: Ball
2-2: Strikes out swinging
Batting: LHB Pedro López 0-0: Called Strike
0-1: Called Strike
0-2: Ball
1-2: Foul Ball, location: 2F
1-2: Ball
2-2: Foul Ball, location: 2F
2-2: Foul Ball, location: 2F
2-2: Ball
3-2: Foul Ball, location: 2F
3-2: Strikes out looking
Top of the 1st over - 0 run(s), 1 hit(s), 0 error(s), 1 left on base; Atlantic City 0 - Marmora 0
BOTTOM OF THE 1ST
Marmora Scramblers batting - Pitching for Atlantic City Sonics : LHP Pedro Pacheco
Pitching: LHP Pedro Pacheco
Batting: RHB Johnny Foster 0-0: Ball
1-0: Fly out, F4 (Popup, 4)
Batting: RHB Chris Teague 0-0: Ball
1-0: Ball
2-0: Ball
3-0: Base on Balls
Batting: RHB Eric D'Angle 0-0: Foul Ball, location: 2F
0-1: SINGLE (Groundball, 5D)
Chris Teague to second
Batting: LHB Randy Daugherty 0-0: Grounds into double play, 4-6-3 (Groundball, 4)
Bottom of the 1st over - 0 run(s), 1 hit(s), 0 error(s), 1 left on base; Atlantic City 0 - Marmora 0
TOP OF THE 2ND
Atlantic City Sonics batting - Pitching for Marmora Scramblers : RHP Félix Torres
Batting: RHB Jason Duncan 0-0: Foul Ball, location: 2F
0-1: Foul Ball, location: 2F
0-2: SINGLE (Groundball, 56D)
Batting: LHB Kip Burks 0-0: Called Strike
0-1: Ball
1-1: SINGLE (Groundball, 4MD)
Jason Duncan to second
Runner from 2nd tries for 3rd, SAFE, throw made to third
Batting: LHB Dale Parkinson 0-0: Foul Ball, location: 2F
0-1: Swinging Strike
0-2: Ball
1-2: Fielders Choice at 2nd, 1-6 (Groundball, 15S)
Batting: RHB Michael Bucknell 0-0: 3-RUN HOME RUN (Flyball, 9LD), Distance : 349 ft
Batting: RHB António Granados 0-0: Foul Ball, location: 2F
0-1: Ball
1-1: Foul Ball, location: 2F
1-2: Foul Ball, location: 2F
1-2: Ball
2-2: DOUBLE (Flyball, 89M)
Batting: RHB Thomas Campbell 0-0: Ball
1-0: Ball
2-0: Called Strike
2-1: Ball
3-1: Called Strike
3-2: Foul Ball, location: 2F
3-2: Foul Ball, location: 2F
3-2: Strikes out swinging
Batting: RHB Ethan Stanford 0-0: Called Strike
0-1: Ball
1-1: Ball
2-1: Called Strike
2-2: Fly out, F8 (Flyball, 8LM)
Top of the 2nd over - 3 run(s), 4 hit(s), 0 error(s), 1 left on base; Atlantic City 3 - Marmora 0
BOTTOM OF THE 2ND
Marmora Scramblers batting - Pitching for Atlantic City Sonics : LHP Pedro Pacheco
Batting: RHB Bob Sargent 0-0: Ball
1-0: Called Strike
1-1: Ball
2-1: Ball
3-1: Base on Balls
Batting: RHB Andrew Weeks 0-0: Ball
1-0: Called Strike
1-1: Called Strike
1-2: Ball
2-2: Strikes out looking
Batting: LHB Jack Schmitt 0-0: Swinging Strike
0-1: Grounds into double play, 3-6-4 (Groundball, 34)
Bottom of the 2nd over - 0 run(s), 0 hit(s), 0 error(s), 0 left on base; Atlantic City 3 - Marmora 0
TOP OF THE 3RD
Atlantic City Sonics batting - Pitching for Marmora Scramblers : RHP Félix Torres
Batting: RHB Joe Smith 0-0: Foul Ball, location: 2F
0-1: Foul Ball, location: 2F
0-2: Ball
1-2: Strikes out swinging
Batting: LHB Pedro López 0-0: Ground out 6-3 (Groundball, 6M)
Batting: RHB Jason Duncan 0-0: Ball
1-0: Ball
2-0: Ball
3-0: Base on Balls
Batting: LHB Kip Burks 0-0: Ball
Passed Ball!
Jason Duncan to second
1-0: Ball
2-0: SINGLE (Line Drive, 8RS)
Jason Duncan to third
Batting: LHB Dale Parkinson 0-0: Foul Ball, location: 2F
0-1: Ball
1-1: Ball
2-1: 3-RUN HOME RUN (Line Drive, 7LD), Distance : 361 ft
Pitching: RHP Charles Logan
Batting: RHB Michael Bucknell 0-0: Ball
1-0: Called Strike
1-1: Foul Ball, location: 2F
1-2: Strikes out swinging
Top of the 3rd over - 3 run(s), 2 hit(s), 0 error(s), 0 left on base; Atlantic City 6 - Marmora 0
BOTTOM OF THE 3RD
Marmora Scramblers batting - Pitching for Atlantic City Sonics : LHP Pedro Pacheco
Batting: RHB Jorge Quezada 0-0: Ball
1-0: Ball
2-0: Ball
3-0: Base on Balls
Batting: RHB Tristan Kuhn 0-0: Called Strike
0-1: Ball
1-1: Ball
2-1: SINGLE (Groundball, 56D)
Jorge Quezada to second
Batting: RHB Johnny Foster 0-0: Ball
1-0: Foul Ball, location: 2F
1-1: Swinging Strike
1-2: Ground out U3 (Groundball, 3S)
Jorge Quezada to third
Tristan Kuhn to second
Batting: RHB Chris Teague 0-0: Ball
1-0: Ball
2-0: Called Strike
2-1: DOUBLE (Groundball, 5L)
Jorge Quezada scores
Tristan Kuhn scores
Batting: RHB Eric D'Angle 0-0: Called Strike
0-1: Called Strike
0-2: Ball
1-2: Strikes out looking
Batting: LHB Randy Daugherty 0-0: Ball
1-0: Ball
2-0: Called Strike
2-1: Foul Ball, location: 2F
2-2: Ball
3-2: Base on Balls
Batting: RHB Bob Sargent 0-0: Ball
1-0: Called Strike
1-1: Called Strike
1-2: Strikes out swinging
Bottom of the 3rd over - 2 run(s), 2 hit(s), 0 error(s), 2 left on base; Atlantic City 6 - Marmora 2
TOP OF THE 4TH
Atlantic City Sonics batting - Pitching for Marmora Scramblers : RHP Charles Logan
Batting: RHB António Granados 0-0: Called Strike
0-1: Swinging Strike
0-2: Ball
1-2: Strikes out looking
Batting: RHB Thomas Campbell 0-0: Fly out, F9 (Flyball, 89S)
Batting: RHB Ethan Stanford 0-0: Called Strike
0-1: Ball
1-1: Swinging Strike
1-2: Strikes out swinging
Top of the 4th over - 0 run(s), 0 hit(s), 0 error(s), 0 left on base; Atlantic City 6 - Marmora 2
BOTTOM OF THE 4TH
Marmora Scramblers batting - Pitching for Atlantic City Sonics : LHP Pedro Pacheco
Batting: RHB Andrew Weeks 0-0: Ball
1-0: Called Strike
1-1: Fly out, F9 (Line Drive, 89M)
Batting: LHB Jack Schmitt 0-0: Ball
1-0: SINGLE (Line Drive, 8RS)
Batting: RHB Jorge Quezada 0-0: Ball
1-0: Swinging Strike
1-1: Ball
2-1: Called Strike
2-2: Grounds into double play, 5-4-3 (Groundball, 56)
Bottom of the 4th over - 0 run(s), 1 hit(s), 0 error(s), 0 left on base; Atlantic City 6 - Marmora 2
TOP OF THE 5TH
Atlantic City Sonics batting - Pitching for Marmora Scramblers : RHP Charles Logan
Batting: RHB Joe Smith 0-0: Called Strike
0-1: Ball
1-1: Swinging Strike
1-2: Ball
2-2: Fly out, F6 (Popup, 6)
Batting: LHB Pedro López 0-0: Ball
1-0: Swinging Strike
1-1: Swinging Strike
1-2: Ball
2-2: Foul Ball, location: 2F
2-2: SINGLE (Line Drive, 78S)
Batting: RHB Jason Duncan 0-0: Called Strike
0-1: Grounds into double play, 6-4-3 (Groundball, 6)
Top of the 5th over - 0 run(s), 1 hit(s), 0 error(s), 0 left on base; Atlantic City 6 - Marmora 2
BOTTOM OF THE 5TH
Marmora Scramblers batting - Pitching for Atlantic City Sonics : LHP Pedro Pacheco
Batting: RHB Tristan Kuhn 0-0: Called Strike
0-1: SINGLE (Line Drive, 89S)
Batting: RHB Johnny Foster 0-0: Called Strike
0-1: Ball
1-1: Fly out, F8 (Flyball, 8RS)
Batting: RHB Chris Teague 0-0: Ball
1-0: Ball
2-0: SINGLE (Line Drive, 89S)
Tristan Kuhn to second
Runner from 2nd tries for 3rd, SAFE, throw made to third
Batting: RHB Eric D'Angle 0-0: Ball
1-0: Fly out, F7 (Flyball, 78M)
Runner from 3rd tags up, SCORES, no throw
Batting: LHB Randy Daugherty 0-0: Ball
1-0: Ball
2-0: SINGLE (Line Drive, 6D)
Chris Teague to second
Batting: RHB Bob Sargent 0-0: Reached on error, E5 (Groundball, 5L)
Chris Teague to third
Randy Daugherty to second
Batting: RHB Andrew Weeks 0-0: Ball
1-0: Foul Ball, location: 2F
1-1: Ball
2-1: Fly out, F9 (Flyball, 89M)
Bottom of the 5th over - 1 run(s), 3 hit(s), 1 error(s), 3 left on base; Atlantic City 6 - Marmora 3
TOP OF THE 6TH
Atlantic City Sonics batting - Pitching for Marmora Scramblers : RHP Charles Logan
Batting: LHB Kip Burks 0-0: Ball
1-0: Foul Ball, location: 2F
1-1: Ball
2-1: Ball
3-1: Ground out 1-3 (Groundball, 15S)
Batting: LHB Dale Parkinson 0-0: Ball
1-0: Called Strike
1-1: Ball
2-1: Ball
3-1: Foul Ball, location: 2F
3-2: Foul Ball, location: 2F
3-2: Strikes out swinging
Batting: RHB Michael Bucknell 0-0: Ball
1-0: Foul Ball, location: 2F
1-1: Called Strike
1-2: Ball
2-2: Foul Ball, location: 2F
2-2: Ball
3-2: Base on Balls
Batting: RHB António Granados 0-0: Called Strike
0-1: Ball
1-1: Called Strike
1-2: Foul Ball, location: 2F
1-2: Foul Ball, location: 2F
1-2: Strikes out swinging
Top of the 6th over - 0 run(s), 0 hit(s), 0 error(s), 1 left on base; Atlantic City 6 - Marmora 3
BOTTOM OF THE 6TH
Marmora Scramblers batting - Pitching for Atlantic City Sonics : LHP Pedro Pacheco
Batting: LHB Jack Schmitt 0-0: Called Strike
0-1: Ball
1-1: Ground out 6-3 (Groundball, 6M)
Batting: RHB Jorge Quezada 0-0: Called Strike
0-1: Called Strike
0-2: Foul Ball, location: 2F
0-2: Ball
1-2: Ball
2-2: Ball
3-2: Ground out 4-3 (Groundball, 4M)
Batting: RHB Tristan Kuhn 0-0: Swinging Strike
0-1: Swinging Strike
0-2: Ball
1-2: Foul Ball, location: 2F
1-2: Strikes out swinging
Bottom of the 6th over - 0 run(s), 0 hit(s), 0 error(s), 0 left on base; Atlantic City 6 - Marmora 3
TOP OF THE 7TH
Atlantic City Sonics batting - Pitching for Marmora Scramblers : RHP Charles Logan
Pitching: RHP Pablo Navarro
Batting: RHB Thomas Campbell 0-0: Ball
1-0: Foul Ball, location: 2F
1-1: Called Strike
1-2: SINGLE (Groundball, 6MD)
Batting: RHB Ethan Stanford 0-0: Ball
1-0: Called Strike
1-1: Bunted foul
1-2: Ball
2-2: Foul Ball, location: 2F
2-2: Foul Ball, location: 2F
2-2: Fly out, F8 (Popup, 6MD)
Batting: RHB Joe Smith 0-0: DOUBLE (Line Drive, 34)
Thomas Campbell to third
Batting: LHB Pedro López 0-0: Intentional Walk
Pinch Hitting: RHB Jim Unknown 0-0: Called Strike
0-1: Ball
1-1: Called Strike
1-2: Ball
2-2: Ball
3-2: Strikes out looking
Pitching: LHP Dave Welch
Pinch Hitting: RHB Jim Unknown 0-0: Swinging Strike
0-1: Called Strike
0-2: Foul Ball, location: 2F
0-2: Strikes out swinging
Top of the 7th over - 0 run(s), 2 hit(s), 0 error(s), 3 left on base; Atlantic City 6 - Marmora 3
BOTTOM OF THE 7TH
Marmora Scramblers batting - Pitching for Atlantic City Sonics : LHP Pedro Pacheco
Now at 1B: Jim Unknown
Now in RF: Jim Unknown
Batting: RHB Johnny Foster 0-0: Ball
1-0: Foul Ball, location: 2F
1-1: SINGLE (Line Drive, 4MD)
Batting: RHB Chris Teague 0-0: Ball
1-0: Foul Ball, location: 2F
1-1: Ball
2-1: Ball
3-1: Foul Ball, location: 2F
3-2: SINGLE (Groundball, 56D)
Johnny Foster to second
Batting: RHB Eric D'Angle 0-0: Ball
1-0: Grounds into double play, U6-3 (Groundball, 6)
Johnny Foster to third
Pitching: LHP Ted Wright
Batting: LHB Randy Daugherty 0-0: Ball
1-0: Ball
2-0: Called Strike
2-1: 2-RUN HOME RUN (Flyball, 8RXD), Distance : 431 ft
Batting: RHB Bob Sargent 0-0: Ball
1-0: Called Strike
1-1: Ball
2-1: Called Strike
2-2: Ball
3-2: SINGLE (Groundball, 6D)
Pinch Hitting: RHB Mike Abrams 0-0: SINGLE (Groundball, 4MD)
Bob Sargent to second
Pinch Runner at 2nd Tim Lehman:
Pinch Hitting: RHB Michael Hicks 0-0: Ball
1-0: Foul Ball, location: 2F
1-1: Swinging Strike
1-2: Ball
2-2: Strikes out swinging
Bottom of the 7th over - 2 run(s), 5 hit(s), 0 error(s), 2 left on base; Atlantic City 6 - Marmora 5
TOP OF THE 8TH
Atlantic City Sonics batting - Pitching for Marmora Scramblers : LHP Dave Welch
Pitching: LHP Aaron Farr
Now at SS: Michael Hicks
Now in RF: Tim Lehman
Batting: LHB Dale Parkinson 0-0: Called Strike
0-1: Ball
1-1: Swinging Strike
1-2: Ball
2-2: Strikes out swinging
Batting: RHB Michael Bucknell 0-0: Ball
1-0: SINGLE (Groundball, 15S) (infield hit)
Pinch Hitting: RHB César Ramírez 0-0: Called Strike
0-1: Ball
1-1: Ball
2-1: Ball
3-1: Base on Balls
Michael Bucknell to second
Batting: RHB Thomas Campbell 0-0: Called Strike
0-1: Swinging Strike
0-2: Ball
1-2: Foul Ball, location: 2F
1-2: Foul Ball, location: 2F
1-2: Ball
2-2: Strikes out swinging
Batting: RHB Ethan Stanford 0-0: Called Strike
0-1: Called Strike
0-2: DOUBLE (Line Drive, 5L)
Michael Bucknell scores
César Ramírez to third
Batting: RHB Joe Smith 0-0: Ball
1-0: Ball
2-0: Ball
3-0: Called Strike
3-1: Foul Ball, location: 2F
3-2: Strikes out swinging
Top of the 8th over - 1 run(s), 2 hit(s), 0 error(s), 2 left on base; Atlantic City 7 - Marmora 5
BOTTOM OF THE 8TH
Marmora Scramblers batting - Pitching for Atlantic City Sonics : LHP Ted Wright
Now at C: Steven Johnson
Now at 3B: Chris Foreman
Batting: RHB Jorge Quezada 0-0: Ball
1-0: Ball
2-0: Ball
3-0: Called Strike
3-1: SINGLE (Line Drive, 9LS)
Pitching: RHP Tony Newell
Batting: RHB Tristan Kuhn 0-0: Foul Ball, location: 2F
0-1: Called Strike
0-2: Ball
1-2: Ball
2-2: Foul Ball, location: 2F
2-2: Fly out, F7 (Line Drive, 7S)
Batting: RHB Johnny Foster 0-0: Foul Ball, location: 2F
0-1: Ball
1-1: Swinging Strike
1-2: Strikes out swinging
Batting: RHB Chris Teague 0-0: Called Strike
0-1: Ball
1-1: Foul Ball, location: 2F
1-2: Ball
2-2: SINGLE (Groundball, 5L)
Jorge Quezada to second
Pinch Hitting: LHB Steve Riggs 0-0: Called Strike
0-1: Ball
1-1: Foul Ball, location: 2F
1-2: Ball
2-2: Ball
3-2: Strikes out swinging
Bottom of the 8th over - 0 run(s), 2 hit(s), 0 error(s), 2 left on base; Atlantic City 7 - Marmora 5
TOP OF THE 9TH
Atlantic City Sonics batting - Pitching for Marmora Scramblers : LHP Aaron Farr
Now in RF: Steve Riggs
Batting: LHB Pedro López 0-0: Called Strike
0-1: Ball
1-1: Foul Ball, location: 2F
1-2: Ball
2-2: DOUBLE (Flyball, 78M)
Batting: RHB Jim Unknown 0-0: Intentional Walk
Pitching: LHP Jorge Román
Batting: RHB Jim Unknown 0-0: Ball
1-0: Foul Ball, location: 2F
1-1: Ball
2-1: Ball
3-1: Foul Ball, location: 2F
3-2: Base on Balls
Pedro López to third
Jim Unknown to second
Pinch Hitting: RHB Jesús Rodríguez 0-0: SINGLE (Groundball, 25) (infield hit)
Pedro López scores
Jim Unknown to third
Jim Unknown to second
Pinch Hitting: RHB Luis Garza 0-0: Ball
1-0: Called Strike
1-1: Foul Ball, location: 2F
1-2: Strikes out looking
Batting: RHB Chris Foreman 0-0: Called Strike
0-1: SINGLE (Groundball, 56D)
Jim Unknown scores
Jim Unknown to third
Jesús Rodríguez to second
Batting: RHB Thomas Campbell 0-0: Called Strike
0-1: SINGLE (Line Drive, 78S)
Jim Unknown scores
Jesús Rodríguez to third
Chris Foreman to second
Batting: RHB Ethan Stanford 0-0: Called Strike
0-1: Ball
1-1: Foul Ball, location: 2F
1-2: Ball
2-2: Ball
3-2: Base on Balls
Jesús Rodríguez scores
Chris Foreman to third
Thomas Campbell to second
Pitching: RHP Chris Strickland
Batting: LHB Steven Johnson 0-0: Ball
1-0: Ball
2-0: Foul Ball, location: 2F
2-1: Fielders Choice at 2nd, 6-4 (Groundball, 6M)
Chris Foreman scores
Thomas Campbell to third
Batting: LHB Pedro López 0-0: Ball
1-0: Foul Ball, location: 2F
1-1: Fly out, F8 (Flyball, 8RM)
Top of the 9th over - 5 run(s), 4 hit(s), 0 error(s), 2 left on base; Atlantic City 12 - Marmora 5
BOTTOM OF THE 9TH
Marmora Scramblers batting - Pitching for Atlantic City Sonics : RHP Tony Newell
Now at 2B: Luis Garza
Now in LF: Marty Hayden
Batting: LHB Randy Daugherty 0-0: Swinging Strike
0-1: DOUBLE (Line Drive, 8LXD)
Batting: RHB Tim Lehman 0-0: Called Strike
0-1: Ball
1-1: Called Strike
1-2: Ground out 6-3 (Groundball, 6M)
Randy Daugherty to third
Batting: RHB Mike Abrams 0-0: Ball
1-0: Ball
2-0: Foul Ball, location: 2F
2-1: Ball
3-1: Foul Ball, location: 2F
3-2: 2-RUN HOME RUN (Flyball, 7D), Distance : 367 ft
Pitching: RHP Bob Manning
Batting: RHB Michael Hicks 0-0: Ball
1-0: Ball
2-0: Swinging Strike
2-1: Foul Ball, location: 2F
2-2: Strikes out looking
Batting: RHB Jorge Quezada 0-0: Called Strike
0-1: Called Strike
0-2: Strikes out swinging
Bottom of the 9th over - 2 run(s), 2 hit(s), 0 error(s), 0 left on base; Atlantic City 12 - Marmora 7
This league is powered by Out of the Park Baseball, the baseball management simulation game for PC, Mac and Linux
Monday, May 4th, 2015 - OOTP Baseball 15.6 Build 34